 Dungeon Crawl Stone Soup version 0.25.0-26-g0c896c7 (webtiles) character file.

Game seed: 14383353085889801079

2041 robertstho the Quickloader (level 9, -8/52 (54) HPs)
             Began as a Kobold Hunter on July 1, 2020.
             Was a Follower of Okawaru.
             Splashed by a jelly's acid (11 damage)
             ... on level 7 of the Dungeon.
             The game lasted 00:12:43 (6568 turns).

robertstho the Quickloader (Kobold Hunter)          Turns: 6568, Time: 00:12:44

HP:   -8/52 (54)    AC: -2    Str: 18    XL:     9   Next: 48%
MP:   10/10         EV: 16    Int: 17    God:    Okawaru [*.....]
Gold: 173           SH:  0    Dex: 15    Spells: 8/8 levels left

rFire    x . .     SeeInvis .   k - +1 hand axe (vamp)
rCold    + . .     Gourm    .   (shield restricted)
rNeg     + + .     Faith    .   y - +1 leather armour of Femarewo {rElec rN++ Int+4}
rPois    .         Spirit   .   j - +0 helmet
rElec    +         Reflect  .   (no cloak)
rCorr    .         Harm     .   (no gloves)
MR       .....                  (no boots)
Stlth    +++.......             (no amulet)
HPRegen  0.17/turn              u - +6 ring of strength
MPRegen  0.12/turn              d - ring of ice

@: corroded
A: small, carnivore
a: Heroism, Renounce Religion


You were on level 7 of the Dungeon.
You worshipped Okawaru.
Okawaru was aware of your devotion.
You were very full.

You visited 2 branches of the dungeon, and saw 8 of its levels.

You collected 268 gold pieces.
You spent 95 gold pieces at shops.

Inventory:

Hand Weapons
 a - a +1 hand crossbow
 b - a +1 short sword of venom
 g - a +0 vampiric whip
 k - a +1 vampiric hand axe (weapon)
 p - a +2 short sword of freezing
Armour
 j - a +0 helmet (worn)
 o - a +0 ring mail
 r - a +0 chain mail
 y - the +1 leather armour of Femarewo (worn) {rElec rN++ Int+4}
   (You found it on level 4 of the Dungeon)

   It affects your intelligence (+4).
   It insulates you from electricity.
   It greatly protects you from negative energy.
 B - the -1 pair of gloves "Ruejucvi" {rC- Str+5 Int+2 Slay+2, unknown}
   (You found it on level 6 of the Dungeon)

   It affects your strength (+5).
   It affects your intelligence (+2).
   It affects your accuracy and damage with ranged weapons and melee attacks
   (+2).
   It makes you vulnerable to cold.
Jewellery
 d - a ring of ice (right hand)
 i - an uncursed ring of magical power
 u - a +6 ring of strength (left hand)
Wands
 c - a wand of flame (28)
 n - a wand of disintegration (6)
 A - a wand of random effects (25)
Scrolls
 e - 4 scrolls of remove curse
 h - 2 scrolls of teleportation
 l - a scroll of fog
 m - a scroll of magic mapping
 s - 2 scrolls of fear
 v - 2 scrolls of immolation
 D - a scroll of enchant weapon {unknown}
Potions
 w - 2 potions of flight
 x - a potion of resistance
 z - a potion of curing
Comestibles
 f - 9 rations


   Skills:
 * Level 5.4 Fighting
 + Level 2.3 Axes
 * Level 10.4 Crossbows
 + Level 2.2 Armour
 + Level 3.6 Dodging
 * Level 7.5 Stealth
 * Level 1.7 Invocations
 - Level 0.4 Evocations


You had 8 spell levels left.
You didn't know any spells.
Your spell library was empty.

Dungeon Overview and Level Annotations

Branches:
Dungeon (7/15)             Temple (1/1) D:6

Altars:
Ashenzari
Dithmenos
Elyvilon
Gozag
Hepliaklqana
Kikubaaqudgha
Makhleb
Nemelex Xobeh
Okawaru
Qazlal
Ru
Sif Muna
Trog
Uskayaw
Vehumet
Wu Jian
Xom
Yredelemnul
Zin
The Shining One

Shops:
D:4 *

Annotations:
D:4 270 cloud


Innate Abilities, Weirdness & Mutations

You are small and have problems with some larger weapons.
You are carnivorous and can eat meat at any time.


Message History

The jelly is heavily wounded.
The jelly barely misses you.
You hit the jelly.
You feel better.
Your hands burn!
The jelly is severely wounded.
The jelly barely misses you.
You hit the jelly but do no damage.
Your hands burn!
The jelly is severely wounded.
The jelly hits you.
You are splashed with acid!
* * * LOW HITPOINT WARNING * * *
You hit the jelly.
You feel better.
Your hands burn!
* * * LOW HITPOINT WARNING * * *
The jelly is almost dead.
The jelly hits you.
* * * LOW HITPOINT WARNING * * *
The acid corrodes you!
You are splashed with acid.
* * * LOW HITPOINT WARNING * * *
The jelly hits you.
* * * LOW HITPOINT WARNING * * *
You are splashed with acid!
You die...

. ..## .. #...# .
##. ....## ..###..
####.....#
....##.##.........
...........)......
#.......J.......
..###.....@.#
.......<...##
...##..........
..............
............/....
.................
....#.....##.....
....##...## #....
... #.... #.


You could see a jelly.

Vanquished Creatures
  Grinder (D:6)
  Eustachio (D:5)
  Menkaure (D:6)
  Duvessa (D:5)
  A necrophage (D:5)
  3 ogres
  A centaur (D:6)
  Blork the orc (D:5)
  3 bullfrogs (D:6)
  A gnoll sergeant (D:5)
  Dowan (D:5)
  A hound (D:6)
  An orc priest (D:3)
  3 jellies
  Natasha (twice) (D:2)
  3 orc wizards
  3 worker ants
  A worker ant zombie (D:5)
  Robin (D:3)
  10 gnolls
  12 adders
  2 shadow imps
  5 oozes
  2 worms
  2 dart slugs
  A leopard gecko (D:3)
  18 orcs
  A ball python (D:1)
  7 giant cockroaches
  16 goblins
  12 hobgoblins
  2 jackals (D:1)
  4 kobolds
  3 quokkas
  4 bats
  8 frilled lizards
  8 rats
147 creatures vanquished.

Notes
Turn   | Place    | Note
-------+----------+-------------------------------------------
     0 | D:1      | robertstho the Kobold Hunter began the quest for the Orb.
     0 | D:1      | Reached XP level 1. HP: 12/12 MP: 1/1
    33 | D:1      | Reached skill level 5 in Crossbows
    68 | D:1      | Reached XP level 2. HP: 17/17 MP: 2/2
   149 | D:1      | Reached XP level 3. HP: 21/21 MP: 3/3
   460 | D:1      | You fall into a shaft and drop 1 floor!
   476 | D:2      | Reached skill level 6 in Crossbows
   476 | D:2      | Reached XP level 4. HP: 27/27 MP: 4/4
   659 | D:2      | Reached XP level 5. HP: 26/31 MP: 5/5
  1105 | D:2      | Noticed Natasha
  1109 | D:2      | Killed Natasha
  1129 | D:2      | Reached skill level 7 in Crossbows
  1233 | D:2      | Found a faded altar of an unknown god.
  1301 | D:2      | Noticed Natasha
  1310 | D:2      | Killed Natasha
  1310 | D:2      | Reached XP level 6. HP: 22/36 MP: 6/6
  2109 | D:3      | Noticed Robin
  2139 | D:3      | Killed Robin
  2616 | D:3      | Reached XP level 7. HP: 38/41 MP: 7/7
  2625 | D:3      | Reached skill level 8 in Crossbows
  2890 | D:4      | Found Tin Leodd's General Store.
  2898 | D:4      | Bought a scroll of immolation for 35 gold pieces
  2898 | D:4      | Bought a scroll of remove curse for 30 gold pieces
  2898 | D:4      | Bought a potion of flight for 30 gold pieces
  2922 | D:4      | Found a white marble altar of Elyvilon.
  2982 | D:4      | Got a dazzling leather armour
  3006 | D:4      | Identified the +1 leather armour of Femarewo {rElec rN++
                  | Int+4} (You found it on level 4 of the Dungeon)
  3083 | D:4      | Found a glowing golden altar of the Shining One.
  3375 | D:4      | Found an opulent altar of Gozag.
  3447 | D:4      | Found a shattered altar of Ashenzari.
  3678 | D:4      | Found a sparkling altar of Nemelex Xobeh.
  3759 | D:5      | Entered Level 5 of the Dungeon
  3776 | D:5      | Noticed Blork the orc
  3780 | D:5      | Killed Blork the orc
  3821 | D:5      | Reached skill level 9 in Crossbows
  3821 | D:5      | Reached skill level 1 in Armour
  4010 | D:5      | Reached skill level 5 in Stealth
  4010 | D:5      | Reached XP level 8. HP: 26/46 MP: 8/8
  4435 | D:5      | Found a bloodstained altar of Trog.
  4562 | D:5      | Noticed Eustachio
  4572 | D:5      | Killed Eustachio
  4874 | D:5      | Noticed Duvessa
  4880 | D:5      | Killed Duvessa
  4880 | D:5      | Noticed Dowan
  4894 | D:5      | Killed Dowan
  5128 | D:6      | Noticed Grinder
  5294 | D:6      | Paralysed by Grinder for 5 turns
  5302 | D:6      | Killed Grinder
  5302 | D:6      | Reached skill level 5 in Fighting
  5302 | D:6      | Reached skill level 1 in Axes
  5302 | D:6      | Reached skill level 10 in Crossbows
  5302 | D:6      | Reached XP level 9. HP: 32/52 MP: 9/9
  5434 | D:6      | Got a pair of crude gloves
  5521 | D:6      | Found a staircase to the Ecumenical Temple.
  5527 | Temple   | Entered the Ecumenical Temple
  5613 | Temple   | Became a worshipper of Warmaster Okawaru
  5641 | D:6      | Found a shimmering altar of Xom.
  5899 | D:6      | Found a burning altar of Makhleb.
  5946 | D:6      | Reached skill level 1 in Invocations
  5954 | D:6      | Noticed Menkaure
  6043 | D:6      | Killed Menkaure
  6534 | D:6      | Reached * piety under Okawaru
  6568 | D:7      | Splashed by a jelly's acid

Illustrated notes

Levels and vault maps discovered:
D:1:      eino_arrival_tree_alley, layout_basic
D:2:      layout_basic, chequers_ecumenical_altar_lobes, uniq_natasha
D:3:      layout_basic, uniq_robin
D:4:      layout_basic, nicolae_tso_carved_into_rock,
          nicolae_overflow_crystal_walls, lemuel_crystal_altar,
          lemuel_doored_altar, first_ration, serial_shops, shop_fountains,
          serial_forest, infiniplex_forest_end_2, infiniplex_forest_clump_small,
          infiniplex_forest_clump_double, infiniplex_forest_straight_4,
          infiniplex_forest_end_2, chequers_serial_rivers_small_a,
          nemelex_spade_bored_becter
D:5:      minmay_angry_zag, layout_basic, lightli_temple_of_fire,
          uniq_eustachio, uniq_blork_the_orc, uniq_duvessa
D:6:      layout_rooms, kennysheep_little_box, tgw_xom,
          minmay_temple_entry_wispy, uniq_menkaure, uniq_grinder
D:7:      layout_cave_pools, tgw_fedhas
Temple:   nicolae_temple_hex_pool

Skill      XL: |  1  2  3  4  5  6  7  8  9 |
---------------+----------------------------+-----
Crossbows      | 5 6 7 9 10 | 10.4
Stealth        | 2 4 5 6 7 |  7.5
Fighting       | 3 5 |  5.4
Dodging        | 3 |  3.6
Armour         | 1 2 |  2.2
Axes           | 1 2 |  2.3
Invocations    | 1 |  1.7
Evocations     | |  0.4

Action                   |  1- 3 |  4- 6 |  7- 9 || total
-------------------------+-------+-------+-------++-------
Melee: Hand axe          |       |    20 |   102 ||   122
 Fire: Hand crossbow     |    48 |   184 |   161 ||   393
Evoke: Wand              |       |       |    10 ||    10
  Use: Potion            |       |     2 |     1 ||     3
       Scroll            |       |       |    12 ||    12
 Stab: Paralysed         |       |       |    10 ||    10
  Eat: Chunk             |     7 |     6 |    12 ||    25
Armor: Leather armour    |     2 |       |    24 ||    26
       Ring mail         |       |    46 |     1 ||    47
Dodge: Dodged            |     1 |    79 |   126 ||   206
